 Dungeon Crawl Stone Soup version 0.29-a0-506-ga2e7fffb44 (webtiles) character file.

Game seed: 10980502596536886185

17 Sobieck the Sneak (level 2, -1/15 HPs)
             Began as a Vine Stalker Brigand on May 28, 2022.
             Slain by a gnoll
             ... wielding a +0 flail
              (4 damage)
             ... on level 1 of the Dungeon.
             The game lasted 00:01:14 (721 turns).

Sobieck the Sneak (Vine Stalker Brigand)             Turns: 721, Time: 00:01:14

Health: -1/15      AC:  3    Str: 13    XL:     2   Next: 62%
Magic:  0/3        EV: 11    Int: 11    God:
Gold:   35         SH:  0    Dex: 15    Spells: 1/1 levels left

rFire   . . .      SeeInvis .   a - +2 dagger {short}
rCold   . . .      Faith    .   (no shield)
rNeg    . . .      Spirit   +   b - +0 robe
rPois   .          Reflect  .   (no helmet)
rElec   .          Harm     .   c - +0 cloak
rCorr   .          Rampage  .   (no gloves)
Will    .....                   (no boots)
Stlth   +++.......              (no amulet)
HPRegen 0.05/turn               (no ring)
MPRegen 0.08/turn               (no ring)

@: no status effects
A: fangs 2, magic shield, antimagic bite, no potion heal 2
a: no special abilities


You were on level 1 of the Dungeon.
You visited 1 branch of the dungeon, and saw 1 of its levels.

You collected 35 gold pieces.


Innate Abilities, Weirdness & Mutations

You have extremely sharp teeth.
When hurt, damage is shared between your health and your magic reserves.
Your bite disrupts and absorbs the magic of your enemies.
Potions cannot restore your health.


   Skills:
 + Level 2.1 Fighting
 + Level 2.1 Short Blades
 - Level 1.7 Throwing
 - Level 0.7 Dodging
 + Level 5.2 Stealth


You had one spell level left.
You didn't know any spells.
Your spell library was empty.

Inventory:

Hand Weapons
 a - a +2 dagger (weapon) {short}
Missiles
 d - 9 poisoned darts (quivered) {throwing}
 e - 3 curare-tipped darts {=fthrowing}
 f - 30 stones {throwing}
Armour
 b - a +0 robe (worn)
 c - a +0 cloak (worn)
 g - a +0 chain mail
   (You found it on level 1 of the Dungeon)
Scrolls
 i - a scroll of blinking {unknown}
Potions
 h - a potion of brilliance {unknown}

Dungeon Overview and Level Annotations

Branches:
Dungeon (1/15)

Altars:

#.##.)........#
#.............#
####..........#
.......=......#
#####.#..############ #
#.............#
#.......#####.# #
#g#...#.#####.#
.##@#...#.....#.####
..................>.....
#######.##..#####.#.####
#......# #.#.....
#....#.#####.#####.
#..........#.#####.
#....##.##.#.......
#....##>.#.#.######
#....###.#.#.#


You could see a gnoll.


Message History

You hit the endoplasm.
You kill the endoplasm!
You now have 9 gold pieces.
Key pressed, stopping explore.
You are too injured to fight recklessly!
Unknown command.
Unknown command.
h - a red potion Unknown command.
You open the door.
A bat comes into view.
There is an open door here.
Danger!
The bat barely misses you. The bat barely misses you.
The bat hits you but does no damage. x2
You hit the bat. You bite the bat.
You kill the bat!
No target in view!
i - a scroll labelled CEXAAL KIYR Unknown command.
No target in view!
A rat comes into view.
Danger!
The helpless rat fails to defend itself.
You impale the rat!!
You kill the rat!
You see here a +0 hunting sling {sling}.
A goblin and an endoplasm come into view.
Danger!
The helpless endoplasm fails to defend itself.
You impale the endoplasm!!
You kill the endoplasm!
The goblin shouts!
The goblin hits you with a +0 dagger.
You hit the goblin.
You kill the goblin!
No target in view!
f - 27 stones {throwing} (gained 11)
A rat comes into view.
Danger!
You hit the rat.
You kill the rat!
No target in view!
Found a stone staircase leading down.
Unknown command.
A ball python comes into view.
Danger!
The helpless ball python fails to defend itself.
You impale the ball python!!
You kill the ball python!
A kobold comes into view. It is wielding a +0 dagger.
Danger!
The helpless kobold fails to defend itself.
You impale the kobold!!
You kill the kobold!
f - 30 stones {throwing} (gained 3)
You see here a +0 dagger {short}.
You now have 19 gold pieces (gained 10).
You see here a +0 dagger {short}.
You open the door.
There is an open door here.
You open the door.
There is an open door here.
Found an escape hatch in the floor.
Unknown command.
Found a stone staircase leading down.
Unknown command.
There is a stone staircase leading down here.
You now have 27 gold pieces (gained 8).
You now have 35 gold pieces (gained 8).
A gnoll comes into view. It is wielding a +0 flail.
Danger!
A hobgoblin comes into view.
The gnoll shouts!
The gnoll closely misses you.
You see here a ring of protection from fire.
The hobgoblin shouts!
You hit the gnoll. You bite the gnoll, but do no damage.
The gnoll closely misses you.
You hit the gnoll but do no damage. Your bite misses the gnoll.
The gnoll hits you with a +0 flail.
Unknown command.
The hobgoblin attacks as you move away! The hobgoblin hits you.
The gnoll attacks as you move away! The gnoll barely misses you.
The hobgoblin attacks as you move away! The hobgoblin closely misses you.
Unknown command.
You hit the hobgoblin. You closely miss the hobgoblin.
Your bite misses the hobgoblin. The hobgoblin hits you.
You barely miss the hobgoblin. You bite the hobgoblin.
You kill the hobgoblin!
You hit the gnoll. You bite the gnoll. You drain its power.
The gnoll closely misses you.
You hit the gnoll. You bite the gnoll. You drain its power.
The gnoll hits you with a +0 flail!
* * * LOW HITPOINT WARNING * * *
You hit the gnoll but do no damage. Your bite misses the gnoll.
The gnoll hits you with a +0 flail.
You die...

Skill      XL: |  1 |
---------------+----+-----
Stealth        | 5 |  5.2
Fighting       | 2 |  2.1
Short Blades   | 2 |  2.1
Throwing       | |  1.7
Dodging        | |  0.7

Action                   || total
-------------------------++-------
Melee: Dagger            ||    28
       Bite              ||     7
       Punch             ||     1
 Stab: Sleeping          ||     7
Armor: Robe              ||     4
Dodge: Dodged            ||    10

Levels and vault maps discovered:
D:1:      dpeg_arrival_rhombi, layout_basic, hellmonk_ecumenical_altar_run_dry

Notes
Turn   | Place    | Note
-------+----------+-------------------------------------------
     0 | D:1      | Sobieck the Vine Stalker Brigand began the quest for the
                  | Orb.
     0 | D:1      | Reached XP level 1. HP: 11/11 MP: 2/2
   248 | D:1      | Reached skill level 5 in Stealth
   302 | D:1      | Reached skill level 2 in Fighting
   302 | D:1      | Reached skill level 2 in Short Blades
   335 | D:1      | Reached XP level 2. HP: 15/15 MP: 3/3
   720 | D:1      | HP: 3/15 [gnoll/+0 flail (6)]
   721 | D:1      | Slain by a gnoll

Vanquished Creatures
  3 ball pythons (D:1)
  3 endoplasms (D:1)
  A goblin (D:1)
  A hobgoblin (D:1)
  2 bats (D:1)
  2 frilled lizards (D:1)
  A kobold (D:1)
  4 rats (D:1)
17 creatures vanquished.

Table legend:
 A = Non-vault XP
 B = Vault XP
 C = Vault XP percentage of total XP
 D = Non-vault monster count
 E = Vault monster count
 F = Vault count percentage of total count
                 A         B        C        D         E       F
            +---------+---------+-------+---------+---------+-------
      Total |      25 |       0 |   0.0 |      17 |       0 |   0.0
            +---------+---------+-------+---------+---------+-------
        D:1 |      25 |       0 |   0.0 |      17 |       0 |   0.0
            +---------+---------+-------+---------+---------+-------

Illustrated notes

Table legend:
 A = Kills in this place as a percentage of kills in entire the game.
 B = Kills by you in this place as a percentage of kills by you in the entire game.
 C = Kills by friends in this place as a percentage of kills by friends in the entire game.
 D = Other kills in this place as a percentage of other kills in the entire game.
 E = Experience gained in this place as a percentage of experience gained in the entire game.
 F = Experience gained in this place divided by the number of levels of this place that you have seen.
                   A       B       C       D       E      F
               +-------+-------+-------+-------+-------+----------------------
         Total | 100.0 | 100.0 |   N/A |   N/A | 100.0 |  25.0
       Dungeon | 100.0 | 100.0 |   N/A |   N/A | 100.0 |  25.0
               +-------+-------+-------+-------+-------+----------------------

Table legend: (Time is in decaauts)
 A = Elapsed time spent in this place.
 B = Non-inter-level travel time spent in this place.
 C = Inter-level travel time spent in this place.
 D = Time resting spent in this place.
 E = Time spent auto-exploring this place.
 F = Levels seen in this place.
 G = Mean time per level.
                   A        B        C        D        E       F      G
               +--------+--------+--------+--------+--------+-----+--------+
         Total |    718 |    718 |      0 |     73 |    546 |   1 |  718.0 |
       Dungeon |    718 |    718 |      0 |     73 |    546 |   1 |  718.0 |
               +--------+--------+--------+--------+--------+-----+--------+

Top non-repeatable levels by time:
     D:1: 718 daAuts
